 Dungeon Crawl Stone Soup version 0.28.0-1-gb440e238dd (webtiles) character file.

Game seed: 11147024431821403861

84 Krehm the Conjurer (level 4, -6/37 HPs)
             Began as a Draconian Conjurer on Feb 20, 2022.
             Killed from afar by a white imp (9 damage)
             ... with a puff of frost
             ... summoned by Natasha
             ... on level 2 of the Dungeon.
             The game lasted 00:07:39 (2058 turns).

Krehm the Conjurer (Draconian Conjurer)             Turns: 2058, Time: 00:07:39

Health: -6/37      AC:  5    Str: 10    XL:     4   Next: 23%
Magic:  3/8        EV: 12    Int: 20    God:
Gold:   80         SH:  0    Dex:  9    Spells: 6/9 levels left

rFire   . . .      SeeInvis .   d - +2 dagger (venom)
rCold   . . .      Faith    .   (no shield)
rNeg    . . .      Spirit   .   (armour unavailable)
rPois   .          Reflect  .   (helmet restricted)
rElec   .          Harm     .   (no cloak)
rCorr   .          Rampage  .   (no gloves)
Will    .....      Clarity  +   (no boots)
Stlth   ++........              (no amulet)
HPRegen 0.12/turn               (no ring)
MPRegen 0.11/turn               (no ring)

@: slowed, very slow
A: AC +5, unfitting armour, cold-blooded, clarity
a: no special abilities


You were on level 2 of the Dungeon.
You visited 1 branch of the dungeon, and saw 2 of its levels.

You collected 80 gold pieces.

Inventory:

Hand Weapons
 c - a +4 dagger
 d - a +2 dagger of venom (weapon)
Armour
 f - a +0 buckler
Scrolls
 a - a scroll of brand weapon {unknown}
 e - a scroll of identify {unknown}


   Skills:
 + Level 2.9 Fighting
 - Level 1.7 Dodging
 - Level 1.7 Stealth
 + Level 0.6 Shields
 + Level 3.1 Spellcasting
 - Level 4.0 Conjurations


You had 6 spell levels left.
You knew the following spells:

 Your Spells              Type           Power      Damage    Failure   Level
a - Magic Dart            Conj           76%        1d6       2%          1
b - Searing Ray           Conj           38%        2d5       4%          2

Your spell library contained the following spells:

 Spells                   Type           Power      Damage    Failure   Level
 Dazzling Flash           Conj/Hex       22%        N/A       19%         3
 Fulminant Prism          Conj/Hex       5%         3d7       52%         4
 Iskenderun's Mystic Bla  Conj/Tloc      11%        2d4       52%         4


Dungeon Overview and Level Annotations

Branches:
Dungeon (2/15)

Altars:

Annotations:
D:2 Natasha


Innate Abilities, Weirdness & Mutations

Your plain brown scales are hard. (AC +5)
You cannot fit into any form of body armour.
You are cold-blooded and may be slowed by cold attacks.
You possess an exceptional clarity of mind.


Message History

You start resting.
Natasha, Servant of Life and Death comes into view.
Natasha howls an incantation.
Natasha shimmers violently.
Natasha is nearby!
Natasha casts a spell.
Natasha stares at you and mumbles some strange words.
You feel yourself slow down.
Natasha mumbles some strange words.
The white imp gestures at you. The puff of frost hits you!
* * * LOW HITPOINT WARNING * * *
Casting: Magic Dart (safe; 2% risk of failure)
Confirm with . or Enter, or press ? or * to list all spells.
Aiming: Searing Ray (safe; 4% risk of failure)
Press: ? - help, Shift-Dir - straight line The searing ray hits the white imp.
The white imp is heavily wounded.
The searing ray hits Natasha.
Natasha is lightly wounded. (Press . to maintain the ray.)
The white imp misses you.
The searing ray hits the white imp but does no damage.
The white imp is heavily wounded.
The searing ray hits Natasha.
Natasha is moderately wounded.
The searing ray misses the white imp.
The white imp gestures at you. The puff of frost hits you.
* * * LOW HITPOINT WARNING * * *
Unknown command.
The searing ray hits the white imp.
The white imp is almost dead.
The searing ray hits Natasha.
Natasha is heavily wounded.
The searing ray hits the white imp!
The white imp is heavily wounded.
The white imp gestures at you. The puff of frost hits you!
You die...

... # ### #.# # # #.. #.# # #.
#.########### ##.#########
#)###†.........# ##.........##
#.#.#########.# #............
#.## #.# #...##....... ###.#
#.######...#........
#...##########..@5h5....#........
#.#.............###.##.##........
#...###########..##.##.##........
##.[# ##.##.##.##.#......
#..##### ###.##.##.........#.
#......# ###............######.
##.###.####..............# #.
#.....)....#.#.##.#####.# #.
#####.######.#.##.# ##.## ###.


You could see Natasha and 2 white imps.

Vanquished Creatures
  Natasha (D:2)
  3 worms (D:2)
  A dart slug (D:2)
  6 ball pythons
  2 bats (D:1)
  5 endoplasms
  A giant cockroach (D:2)
  4 goblins (D:1)
  3 hobgoblins
  4 quokkas
  5 kobolds
  11 rats
46 creatures vanquished.

Notes
Turn   | Place    | Note
-------+----------+-------------------------------------------
     0 | D:1      | Krehm the Draconian Conjurer began the quest for the Orb.
     0 | D:1      | Reached XP level 1. HP: 14/14 MP: 3/3
   175 | D:1      | Reached skill level 1 in Fighting
   391 | D:1      | Reached XP level 2. HP: 22/23 MP: 0/5
   394 | D:1      | Learned a level 2 spell: Searing Ray
  1052 | D:1      | Found a faded altar of an unknown god.
  1057 | D:1      | Reached XP level 3. HP: 29/29 MP: 6/6
  1997 | D:2      | Noticed Natasha
  2008 | D:2      | Gained mutation: You have a pair of small horns on your
                  | head. [potion of mutation]
  2008 | D:2      | Lost mutation: You have a pair of small horns on your head.
                  | [potion of mutation]
  2008 | D:2      | Gained mutation: You possess an exceptional clarity of
                  | mind. [potion of mutation]
  2016 | D:2      | Killed Natasha
  2017 | D:2      | Reached XP level 4. HP: 9/37 MP: 1/8
  2047 | D:2      | Noticed Natasha
  2058 | D:2      | Killed from afar by a white imp

Illustrated notes

Levels and vault maps discovered:
D:1:      heliophobic_arrival_henge, layout_rooms,
          dreamdust_ecumenical_altar_angels_and_demons, minmay_rat_gold_closets
D:2:      layout_loops_ring, uniq_natasha, uniq_crazy_yiuf_cottage

Skill      XL: |  1  2  3 |
---------------+----------+-----
Fighting       | 1 2 |  2.9
Spellcasting   | 3 |  3.1
Dodging        | |  1.7
Stealth        | |  1.7
Shields        | |  0.6
Conjurations   | |  4.0

Action                   |  1- 3 |  4- 6 || total
-------------------------+-------+-------++-------
Melee: Dagger            |    33 |       ||    33
       Tailslap          |     2 |       ||     2
 Cast: Magic Dart        |    56 |       ||    56
       Searing Ray       |    10 |     1 ||    11
  Use: Potion            |     2 |       ||     2
 Stab: Sleeping          |     8 |       ||     8
Armor: Skin              |    10 |       ||    10
Dodge: Dodged            |    19 |     1 ||    20
